Cogmind - Beta 17.1 @@@ ROGUE MODE // 2026.09.21 @ 00:35:50 Player: Somberlain Result: Destroyed by Y-64 Sentinel with Wave Gun Performance ------------- Evolutions (6) 3000 Regions Visited (20) 4000 Robots Destroyed (151) 755 Value Destroyed (6161) 6161 Prototype IDs (39) 780 Alien Tech Used (2) 400 Bonus (1809) 1809 TOTAL SCORE: 16905 Bonus ------- High Alert Combat Kills 16 Follower Combat Kills 1871 Met Zhirov 300 Built Enhanced Grunts 300 Friendly Fire -678 Cogmind --------- Core Integrity 0/1150 Matter 76/300 Energy 100/100 System Corruption 2% Temperature Cool (11) Movement Flying (35) Location -4/Upper Caves Parts ------- > --- POWER (2) -------- (None) > --- PROPULSION (4) --- Cesium-ion Thruster > --- UTILITY (9) ------ Advanced Target Analyzer Makeshift Hacking Suite System Shield > --- WEAPON (4) ------- Lance > --- INVENTORY (5) ---- Armored Wheel Makeshift Trap Scanner Advanced ECM Suite Quantum Rifle Improved Plasma Cutter Peak State ------------ > --- POWER ------------ Fusion Reactor > --- PROPULSION ------- Armored Medium Treads Armored Huge Wheel Centrium Wheel > --- UTILITY ---------- Large Storage Unit Makeshift Trap Scanner Advanced Sensor Array Advanced Signal Interpreter 0b10 Decoder Chip [Generic] Core Analyzer Improved Phase Shifter Improved System Shield Advanced System Shield > --- WEAPON ----------- Hypervelocity Gauss Rifle KE Penetrator Railgun Mass Driver > --- INVENTORY -------- Improved Fusion Compressor Advanced Cryofiber Web Experimental Core Shielding Force Field Transdimensional Reconstructor Heavy Phase Cannon Matter Neutralizer Compact Linear Accelerator Long-range Missile Launcher Improved Plasma Cutter Lance [Rating: 104] Favorites ----------- Power Constructs Engine Cooled Ion Engine Power Core Light Nuclear Core Reactor Constructs Propulsion Carbon-fiber Leg Treads Constructs Leg Carbon-fiber Leg Wheel Armored Huge Wheel Hover Unit Gyrokinetic Inverter Flight Unit Field Propulsion Drive Utility Large Storage Unit Device Armored Scrap Engine Storage Large Storage Unit Processor Core Analyzer Hackware Improved System Shield Protection Experimental Core Shielding Weapon Enhanced Autogun Energy Gun Constructs Energy Cannon Heavy Ion Cannon Ballistic Gun Enhanced Autogun Ballistic Cannon Constructs Launcher Long-range Missile Launcher Special Weapon Remote Datajack Impact Weapon Mace Slashing Weapon Ripper Piercing Weapon Lance Build | -11 -10 -10 -9 -9 -9 -7 -6 -6 -6 -6 -6 -5 -5 -5 -5 -5 -5 -4 -4 -4 ------- Run | Yrd Mat Min Mat Sto Rec Fac Fac Ext Cet Arc Hub Fac Was Fac Upp Upp Zhi Pro Fac Upp Slots Evolved 12 | . . . 2 . . 4 2 . . . . 2 . . . . . . 2 . Power 1 | . . . . . . . . . . . . . . . . . . . 1 . Propulsion 2 | . . . . . . 1 . . . . . . . . . . . . 1 . Utility 7 | . . . 2 . . 3 . . . . . 2 . . . . . . . . Weapon 2 | . . . . . . . 2 . . . . . . . . . . . . . Parts Attached 139 | 6 7 . 11 7 2 5 5 8 . 3 5 23 2 9 15 7 3 3 10 8 Power 12 | 1 1 . 1 1 . . . . . . 2 1 . . 2 1 1 . 1 . Engine 6 | 1 1 . . 1 . . . . . . 2 . . . 1 . . . . . Core 5 | . . . 1 . . . . . . . . 1 . . 1 1 . . 1 . Reactor 1 | . . . . . . . . . . . . . . . . . 1 . . . Propulsion 26 | 2 2 . 4 1 1 1 1 . . . . 6 . 2 2 1 . . 2 1 Treads 8 | 2 2 . 2 . . . . . . . . . . . 1 1 . . . . Leg 5 | . . . 2 1 1 1 . . . . . . . . . . . . . . Wheel 4 | . . . . . . . 1 . . . . . . . 1 . . . 1 1 Hover 2 | . . . . . . . . . . . . . . 2 . . . . . . Flight 7 | . . . . . . . . . . . . 6 . . . . . . 1 . Utility 65 | 1 3 . 4 3 1 4 4 5 . 2 . 11 1 4 4 4 2 2 5 5 Device 34 | . 1 . 2 3 1 2 1 2 . . . 6 1 3 4 3 . 1 3 1 Storage 5 | 1 2 . . . . . . 1 . . . . . . . . . . 1 . Processor 12 | . . . 2 . . 2 1 1 . . . 3 . . . 1 . . 1 1 Hackware 10 | . . . . . . . 2 1 . 2 . 1 . 1 . . 1 . . 2 Protection 4 | . . . . . . . . . . . . 1 . . . . 1 1 . 1 Artifact . | . . . . . . . . . . . . . . . . . . . . . Weapon 36 | 2 1 . 2 2 . . . 3 . 1 3 5 1 3 7 1 . 1 2 2 Energy Gun 12 | 1 1 . . . . . . 2 . . 1 1 . 3 2 . . . . 1 Energy Cannon 3 | . . . . . . . . . . . . 1 . . 1 . . . 1 . Ballistic Gun 11 | 1 . . 2 1 . . . . . . 2 1 . . 3 . . 1 . . Ballistic Cannon 4 | . . . . . . . . . . . . 1 1 . 1 1 . . . . Launcher 1 | . . . . . . . . . . . . . . . . . . . 1 . Special Weapon 1 | . . . . . . . . . . 1 . . . . . . . . . . Impact Weapon 1 | . . . . . . . . . . . . 1 . . . . . . . . Slashing Weapon 2 | . . . . 1 . . . 1 . . . . . . . . . . . . Piercing Weapon 1 | . . . . . . . . . . . . . . . . . . . . 1 Special Melee Weapon . | . . . . . . . . . . . . . . . . . . . . . Unidentified Prototypes 10 | . . . 1 . 1 . . 1 . . 1 1 1 . . . 3 . 1 . Corrupted Parts 2 | . . . . . . . . . . 1 . . . 1 . . . . . . System Corruption 4 | . . . . . . . . . . 2 . . . 2 . . . . . . Parts Lost 56 | . . . . . . . . 4 . 1 5 14 . 7 6 1 . . 18 . Power 6 | . . . . . . . . . . . 3 . . 1 . . . . 2 . Propulsion 10 | . . . . . . . . 1 . 1 . 4 . 1 . . . . 3 . Utility 23 | . . . . . . . . 1 . . . 6 . 3 5 1 . . 7 . Weapon 17 | . . . . . . . . 2 . . 2 4 . 2 1 . . . 6 . Highest Loss Streak 11 | . . . . . . . . 2 . 1 2 10 . 5 3 4 . . 11 . To Critical Strikes 1 | . . . . . . . . . . . . . . 1 . . . . . . Average Backups 9 | 1 6 8 8 9 13 12 13 12 14 14 13 8 5 4 4 5 5 5 8 4 Power . | . 1 1 1 1 1 1 1 1 1 1 . . . . . . . . . . Propulsion 1 | . 3 4 2 2 3 3 1 . . . . . . . . 1 . . . . Utility 3 | . . 1 . . 1 4 6 9 10 11 10 7 4 2 1 . . . 2 2 Weapon 3 | . 1 2 4 6 5 4 4 1 2 2 2 1 1 2 2 3 3 3 4 . Tool/Special . | . . . . . . . . . . . . . . . . . . . . . Unused Backups 27 | . . . 6 . 2 1 4 3 . . 3 . . . 1 3 . . 2 2 Power 2 | . . . 1 . 1 . . . . . . . . . . . . . . . Propulsion 8 | . . . 5 . . . 1 . . . . . . . . 1 . . . 1 Utility 5 | . . . . . . . . 2 . . 1 . . . 1 . . . 1 . Weapon 10 | . . . . . 1 1 3 1 . . 2 . . . . 1 . . 1 . Tool/Special 2 | . . . . . . . . . . . . . . . . 1 . . . 1 Average Slot Usage (%) 80 | . 92 100 89 98 93 81 79 66 65 67 66 59 80 75 87 81 93 91 78 19 Engine 4 | . 13 14 2 8 10 7 6 2 1 . 2 . . . . . . . . . Core 1 | . . . 8 2 . . . 3 . . . 2 5 2 4 5 3 . . . Treads 4 | . 27 28 11 . . . . 1 6 6 6 2 . . 4 4 5 5 4 . Leg 7 | . . . 11 21 22 21 11 2 . . . . . . . . . . . . Wheel 1 | . . . . . . . . . . . . . . . 4 5 5 5 5 . Device 13 | . 7 14 11 20 19 13 13 11 6 6 11 10 9 15 21 16 18 12 13 . Storage 6 | . 14 14 11 11 11 7 6 6 6 6 6 5 . . . . . . 4 . Processor 11 | . . . 12 11 11 19 18 4 6 6 6 8 23 17 17 18 23 21 13 . Hackware 6 | . . . . . . . 1 14 20 20 13 13 17 16 9 5 7 11 9 8 Energy Gun 4 | . 21 28 10 . . 2 1 3 5 6 1 . 4 7 8 . . . . . Energy Cannon 1 | . . . . . . . 3 2 6 6 3 . . . 3 . . . . . Ballistic Gun 8 | . 6 . 11 21 18 6 . 3 . . 6 . . . 1 11 11 13 12 . Ballistic Cannon 2 | . . . . . . 1 12 3 . . 2 . 1 . 4 10 11 6 4 . Peak Build Rating 104 | 6 8 8 25 26 41 59 70 77 81 89 92 91 79 81 81 90 98 99 104 33 Average Rating 53 | 4 7 8 17 25 28 50 63 68 78 82 80 63 69 64 74 78 92 96 89 16 On Entrance 51 | . 6 8 8 25 25 41 59 68 69 81 80 75 62 74 38 67 90 98 99 5 Avg Prop Armor Cover (%) 7 | . . . 7 . . . 7 . . . . . . 2 7 8 8 8 7 . Naked Turns 28 | . . . . . . . . . . . . . . . . . . . 28 . Heaviest Build 73 | 14 31 31 32 40 38 43 60 59 46 49 46 37 20 21 50 67 67 54 73 4 Greatest Support 114 | 40 40 40 44 30 30 49 42 88 88 88 114 114 21 24 28 28 28 28 44 5 Greatest Overweight (x) 5 | . 1 . 1 1 1 3 5 1 . . . . . 1 1 2 2 1 4 . Average Overweight (x) . | . . . . 1 . . 1 . . . . . . . . 1 1 1 1 . Largest Inventory Capacity 15 | 8 15 15 15 15 15 15 15 15 15 15 15 15 5 5 5 5 5 5 15 5 Average Capacity 12 | 7 10 15 15 15 15 15 15 15 15 15 15 10 5 5 5 5 5 5 13 5 Most Carried 15 | 3 8 8 12 11 15 14 15 15 15 15 15 14 5 5 5 5 5 5 12 5 Average Carried 10 | 1 6 8 8 9 13 12 13 13 14 14 13 8 4 4 4 4 4 5 8 4 Final Capacity 15 | 8 15 15 15 15 15 15 15 15 15 15 15 5 5 5 5 5 5 5 5 5 Final Carried 15 | 3 8 8 9 10 12 12 11 13 15 15 14 5 5 5 5 5 5 5 5 5 Scrap Engine Consumption 120 | . . . . . 13 19 21 45 10 . 12 . . . . . . . . . Constructs Created 13 | . . . . . 3 4 1 3 1 . 1 . . . . . . . . . Constructs Modified 32 | . . . . . . 2 8 16 2 . 4 . . . . . . . . . Class Distribution -------------------- 17% | Commander-Mutant 15% | Hacker-Construct 14% | Mutant 11% | Derelict-Gunner 10% | Hacker-Mutant 7% | Scavenger-Mutant 6% | Construct 6% | Derelict-Skirmisher 6% | Commander-Construct Dominant Class ---------------- Scavenger-Mutant | -10/Materials Scavenger-Mutant | -10/Mines Mutant | -9/Materials Mutant | -9/Storage Commander-Mutant | -9/Recycling Commander-Mutant | -7/Factory Construct | -6/Factory Hacker-Construct | -6/Extension Hacker-Construct | -6/Cetus Hacker-Construct | -6/Archives Hacker-Construct | -6/Hub_04(d) Hacker-Mutant | -5/Factory Hacker-Mutant | -5/Waste Hacker-Mutant | -5/Factory Derelict-Gunner | -5/Upper Caves Derelict-Gunner | -5/Upper Caves Derelict-Gunner | -5/Zhirov Derelict-Gunner | -4/Proximity Caves Derelict-Skirmisher | -4/Factory Hacker-Mutant | -4/Upper Caves Resources | -11 -10 -10 -9 -9 -9 -7 -6 -6 -6 -6 -6 -5 -5 -5 -5 -5 -5 -4 -4 -4 ----------- Run | Yrd Mat Min Mat Sto Rec Fac Fac Ext Cet Arc Hub Fac Was Fac Upp Upp Zhi Pro Fac Upp Matter Collected 4736 | 236 146 89 147 398 287 90 337 810 82 . 430 282 . . 451 551 . 31 194 175 Remotely . | . . . . . . . . . . . . . . . . . . . . . Salvage Created 6968 | . 312 81 286 650 675 102 358 1288 244 196 1356 370 . . 198 364 . . 488 . Parts 338 | . 22 2 10 37 39 3 19 53 10 9 61 20 . . 12 16 . . 25 . Haulers Intercepted 7 | . 2 . . 2 . . . . . . 3 . . . . . . . . . Recyclers Shooed 3 | . . . . . 2 . . 1 . . . . . . . . . . . . Parts Field Recycled . | . . . . . . . . . . . . . . . . . . . . . Retrieved Matter . | . . . . . . . . . . . . . . . . . . . . . Parts Self-Destructed 26 | . . . . . . . . . . . . . . . 10 16 . . . . Prevented 2 | . . . . . . . . . . . . . . . 2 . . . . . Parts Restored . | . . . . . . . . . . . . . . . . . . . . . Kills | -11 -10 -10 -9 -9 -9 -7 -6 -6 -6 -6 -6 -5 -5 -5 -5 -5 -5 -4 -4 -4 ------- Run | Yrd Mat Min Mat Sto Rec Fac Fac Ext Cet Arc Hub Fac Was Fac Upp Upp Zhi Pro Fac Upp Combat Hostiles Destroyed 115 | . 7 2 5 12 10 1 6 22 3 2 14 8 . . 7 6 . . 10 . Melee 3 | . . . . . . . . 1 . . . 2 . . . . . . . . Guns 60 | . 7 1 5 12 10 1 . 5 . 1 5 3 . . 3 5 . . 2 . Cannons 42 | . . . . . . . 6 16 1 . 7 3 . . 3 1 . . 5 . AOE 4 | . . . . . . . . . . 1 . . . . . . . . 3 . Classes Destroyed 16 | . 4 . 3 1 2 . 2 1 . . . 2 . . . . . . 1 . Worker 9 | . . . 1 . . . 2 . . . 6 . . . . . . . . . Hauler 7 | . 2 . . 2 . . . . . . 3 . . . . . . . . . Recycler 6 | . . . . 1 3 . . 1 . . . 1 . . . . . . . . Operator 3 | . . . . . . . 1 2 . . . . . . . . . . . . Watcher 9 | . 2 . 1 . . . 3 1 1 . 1 . . . . . . . . . Swarmer 20 | . 5 . . 3 . . . . . . . 4 . . 5 . . . 3 . Grunt 43 | . 2 2 2 3 2 2 1 14 . 1 9 . . . . 5 . . . . Brawler 1 | . . . . . . . 1 . . . . . . . . . . . . . Duelist 1 | . . . 1 . . . . . . . . . . . . . . . . . Sentry 20 | . . . 2 6 5 . 1 5 . . 1 . . . . . . . . . Demolisher 1 | . . . . . . . . . . . . 1 . . . . . . . . Specialist 2 | . . . . . . . . . . . . . . . . . . . 2 . Hunter 10 | . . . . . 1 . 1 . 1 1 3 . . . 2 . . . 1 . Programmer 12 | . . . . . 2 . 2 . . . 1 2 . . . 1 . . 4 . Behemoth 1 | . . . . . . . . 1 . . . . . . . . . . . . Cetus Guard 2 | . . . . . . . . . 2 . . . . . . . . . . . Assembled 1 | . . . . . . . . . . . . 1 . . . . . . . . Thug 4 | . . . . . . . . 4 . . . . . . . . . . . . Best Kill Streak 6 | . 3 2 3 4 6 1 3 3 3 2 5 4 . . 5 4 . . 4 . Combat Bots Only 6 | . 3 2 1 3 6 1 1 3 2 2 4 4 . . 5 4 . . 4 . Max Kills in Single Turn 3 | . 1 2 1 2 2 1 2 2 1 1 3 1 . . 1 2 . . 2 . Gunslinging 1 | . . 1 . 1 1 . . . . . . . . . . . . . . . Exploded 2 | . . . . . . . . . . 1 . . . . . . . . 2 . Melee 1 | . . . . . . . . 1 . . . 1 . . . . . . . . Uniques/NPCs Destroyed . | . . . . . . . . . . . . . . . . . . . . . Combat | -11 -10 -10 -9 -9 -9 -7 -6 -6 -6 -6 -6 -5 -5 -5 -5 -5 -5 -4 -4 -4 -------- Run | Yrd Mat Min Mat Sto Rec Fac Fac Ext Cet Arc Hub Fac Was Fac Upp Upp Zhi Pro Fac Upp Hostile Shots Fired 1293 | . 40 11 14 37 22 87 34 274 5 1 155 161 . 61 65 31 . 1 293 1 Missed 468 | . 13 2 5 12 6 37 18 113 3 . 50 35 . 27 11 7 . 1 128 . Hits 825 | . 27 9 9 25 16 50 16 161 2 1 105 126 . 34 54 24 . . 165 1 Melee 8 | . . . . . . . . . . . . 6 . . . . . . 2 . Projectile 817 | . 27 9 9 25 16 50 16 161 2 1 105 120 . 34 54 24 . . 163 1 AOE 32 | . . . . . . . . 1 . . . 27 . . . . . . 4 . Critical Strikes 23 | . 2 . 1 . 2 . 3 1 . . 3 3 . 2 1 . . . 5 . Actively Blocked 1 | . . . . . . . . . . . . . . . . . . . 1 . Part Disruptions 1 | . . . . . . . . . . . . . . . . . . . 1 . Damage Taken 14265 | . 262 110 127 281 196 442 196 2291 27 725 1486 3097 . 628 896 298 . . 3179 24 Core 2859 | . 68 22 82 64 31 44 41 354 12 71 109 648 . 136 107 19 . . 1027 24 Absorbed by Shields 819 | . . . . 89 71 123 38 98 26 . . . . . . 168 . . 206 . Redirected to Shielding 143 | . . . . . . . . . . . . . . . . . . . 143 . Regen/Repaired (Parts) 1538 | . . . . 63 . 38 205 739 87 . 357 . . . . . . . 49 . Core Remaining (%) 58 | 100 . 64 . . 55 93 . . . . 30 . . . . . . 9 . . Volleys Fired 472 | . 24 6 27 38 24 38 28 97 11 9 56 49 . 3 24 13 . . 25 . Largest 4 | . 2 2 2 2 2 2 3 3 2 2 3 1 . 1 4 4 . . 4 . Hottest 240 | . 115 115 115 50 50 89 198 198 240 240 226 90 . 90 222 160 . . 203 . Shots Fired 912 | . 48 12 53 76 48 54 71 196 14 18 129 48 . 3 49 46 . . 47 . Gun 596 | . 48 12 53 76 48 53 8 118 3 9 73 19 . 2 23 27 . . 24 . Cannon 315 | . . . . . . 1 63 78 11 9 56 29 . 1 26 19 . . 22 . Launcher 1 | . . . . . . . . . . . . . . . . . . . 1 . Special . | . . . . . . . . . . . . . . . . . . . . . Kinetic 581 | . 19 . 24 76 48 38 51 77 3 9 94 32 . . 34 46 . . 30 . Thermal 289 | . 29 12 29 . . 16 12 119 . . 34 16 . 1 5 . . . 16 . Explosive 1 | . . . . . . . . . . . . . . . . . . . 1 . Electromagnetic 41 | . . . . . . . 8 . 11 9 1 . . 2 10 . . . . . Robot Hit Streak 16 | . 7 9 16 14 12 6 7 15 7 9 15 8 . 1 5 7 . . 8 . Robot Miss Streak 6 | . 3 2 2 2 3 4 2 6 4 3 5 4 . 1 5 4 . . 2 . Penetration Max 1 | . . . . . . . 1 1 . 1 1 1 . . 1 1 . . 1 . Secondary Targets 7 | . 1 1 . 2 2 . . . . . . . . . 1 . . . . . Max Gunslinging Chain 1 | . 1 1 . 1 1 . . . . . . . . . 1 . . . . . Shots Hit Robots 577 | . 24 9 40 55 31 21 35 130 12 13 99 35 . 1 20 22 . . 30 . Core Hits 338 | . 15 2 14 23 17 7 14 69 14 13 96 15 . 2 8 12 . . 17 . Critical Kills 6 | . . . . 1 . . . . . 1 . . . . 1 2 . . 1 . Critical Parts Destroyed 6 | . . . . . . . . 1 . . . . . . . 3 . . 2 . Critical Strikes 36 | . 1 1 3 1 . . 2 10 . 1 1 2 . 1 3 7 . . 3 . Burn 13 | . 1 1 3 . . . . 7 . . 1 . . . . . . . . . Destroy 12 | . . . . 1 . . . 1 . 1 . . . . 1 5 . . 3 . Blast 9 | . . . . . . . 2 1 . . . 2 . . 2 2 . . . . Corrupt 1 | . . . . . . . . . . . . . . 1 . . . . . . Sever 1 | . . . . . . . . 1 . . . . . . . . . . . . Melee Attacks 24 | . . . . 1 . 1 . 6 . . . 14 . . . . . . . 2 Impact 6 | . . . . . . . . . . . . 6 . . . . . . . . Slashing 16 | . . . . 1 . 1 . 6 . . . 8 . . . . . . . . Piercing 2 | . . . . . . . . . . . . . . . . . . . . 2 Sneak Attacks . | . . . . . . . . . . . . . . . . . . . . . Combat Hostiles . | . . . . . . . . . . . . . . . . . . . . . Follow-up Attacks . | . . . . . . . . . . . . . . . . . . . . . Damage Inflicted 16299 | . 376 134 650 1042 590 448 1382 5165 481 561 1981 1141 . 32 544 484 . . 1288 . Guns 7898 | . 376 134 650 1042 590 448 . 2221 24 287 1045 221 . 16 204 254 . . 386 . Cannons 7227 | . . . . . . . 1382 2313 457 274 926 754 . . 340 230 . . 551 . Explosions 800 | . . . . . . . . 449 . . . . . . . . . . 351 . Melee 317 | . . . . . . . . 182 . . . 135 . . . . . . . . Ramming 57 | . . . . . . . . . . . 10 31 . 16 . . . . . . Kinetic 8383 | . 164 . 299 1042 590 295 867 1591 24 287 1307 577 . . 361 484 . . 495 . Thermal 6292 | . 212 134 351 . . 153 515 3392 . . 631 398 . . 64 . . . 442 . Explosive 351 | . . . . . . . . . . . . . . . . . . . 351 . Electromagnetic 899 | . . . . . . . . . 457 274 33 . . 16 119 . . . . . Impact . | . . . . . . . . . . . . . . . . . . . . . Slashing 317 | . . . . . . . . 182 . . . 135 . . . . . . . . Piercing . | . . . . . . . . . . . . . . . . . . . . . Highest Corruption 7 | . 3 3 . . . 4 1 3 3 5 7 3 3 5 5 6 6 6 2 2 Average Corruption 2 | . 2 3 . . . 2 1 1 3 3 5 1 3 3 5 5 6 6 1 2 Corruption Purged . | . . . . . . . . . . . . . . . . . . . . . Corruption Blocked . | . . . . . . . . . . . . . . . . . . . . . Effects 165 | . 10 6 . . . 10 6 13 9 2 23 2 . 10 26 15 6 12 5 10 Message Errors 39 | . 4 1 . . . 2 1 4 3 1 3 . . 2 6 6 . 3 . 3 Matter Fused 47 | . 1 2 . . . 2 1 4 5 . 6 . . 2 7 2 3 5 3 4 Heat Flow Errors 17 | . 1 . . . . . . 3 . . 1 . . 1 5 1 1 2 1 1 Energy Discharges 15 | . . . . . . 1 1 1 1 1 3 . . 2 4 . . . . 1 Parts Rejected 3 | . . . . . . . . . . . 1 . . . . 1 . . 1 . Parts Fused 3 | . . . . . . . 2 . . . . . . . . . . 1 . . Data Loss (minor) 18 | . 2 2 . . . 1 . . . . 3 . . 3 1 2 2 1 . 1 Data Loss (major) 14 | . 2 . . . . 3 1 1 . . 3 1 . . 2 1 . . . . Misfires 2 | . . . . . . . . . . . . . . . . 2 . . . . Alerts 4 | . . 1 . . . . . . . . 2 . . . 1 . . . . . Weapon Failures 3 | . . . . . . 1 . . . . 1 1 . . . . . . . . Overload Shots . | . . . . . . . . . . . . . . . . . . . . . Overflow Damage 696 | . . . . . . . 199 309 . 1 1 47 . . 16 11 . . 112 . Projectiles 580 | . . . . . . . 199 264 . 1 1 33 . . 16 11 . . 55 . Explosions 58 | . . . . . . . . 1 . . . . . . . . . . 57 . Melee 58 | . . . . . . . . 44 . . . 14 . . . . . . . . Knockbacks 39 | . . . . . . . 6 6 . . 18 1 . . 4 4 . . . . Impact . | . . . . . . . . . . . . . . . . . . . . . Kinetic 37 | . . . . . . . 5 6 . . 17 1 . . 4 4 . . . . Secondary 2 | . . . . . . . 1 . . . 1 . . . . . . . . . Self-Inflicted Damage 158 | . . . . . . . . 151 . . . . . 7 . . . . . . Shots 2 | . . . . . . . . 2 . . . . . . . . . . . . Rammed 9 | . . . . . . . . . . . 1 3 . 5 . . . . . . Targets Rammed 9 | . . . . . . . . . . . 1 3 . 5 . . . . . . Kicked . | . . . . . . . . . . . . . . . . . . . . . Crushed . | . . . . . . . . . . . . . . . . . . . . . Highest Temperature 480 | . 297 201 63 . . 63 216 378 432 340 480 237 . 92 442 325 143 208 316 131 Average Temperature 102 | . 52 114 25 . . 26 68 77 137 183 88 94 . 35 198 135 79 92 157 80 Received Heat Transfer 1978 | . 84 63 51 62 33 12 66 657 . 9 405 100 . 66 . 103 . . 258 9 Effects 16 | . 1 1 . . . . . 2 1 1 2 3 . . 1 1 . . 3 . Shutdowns 1 | . . . . . . . . . . . 1 . . . . . . . . . Energy Bleed 5 | . . 1 . . . . . 1 1 1 . . . . 1 . . . . . Interference 7 | . 1 . . . . . . . . . . 3 . . . . . . 3 . Short Circuit 2 | . . . . . . . . . . . 1 . . . . 1 . . . . Damage (minor) 1 | . . . . . . . . 1 . . . . . . . . . . . . Siege Activations . | . . . . . . . . . . . . . . . . . . . . . Martial Activations . | . . . . . . . . . . . . . . . . . . . . . Shielding Activations . | . . . . . . . . . . . . . . . . . . . . . Robots Disrupted . | . . . . . . . . . . . . . . . . . . . . . Combat Hostiles . | . . . . . . . . . . . . . . . . . . . . . Robots Corrupted 3 | . . . . . . . . . 2 . . . . . 1 . . . . . Combat Hostiles 3 | . . . . . . . . . 2 . . . . . 1 . . . . . Parts Fried 5 | . . . . . . . . . . 3 . . . . 2 . . . . . Impact Corruptions . | . . . . . . . . . . . . . . . . . . . . . Robots Melted 4 | . . 1 . . . . . . . . 3 . . . . . . . . . Combat Hostiles 3 | . . 1 . . . . . . . . 2 . . . . . . . . . Parts Melted 29 | . 3 1 3 . . . 1 9 . . 11 . . . . . . . 1 . Heat Transferred 11500 | . 703 444 1147 . . . 350 4459 . . 3546 370 . . 74 . . . 407 . Parts Sabotaged 4 | . . . . . . . . . . . . . . . . . . . 4 . Parts Stolen . | . . . . . . . . . . . . . . . . . . . . . Parts Stripped . | . . . . . . . . . . . . . . . . . . . . . Power Chain Reactions . | . . . . . . . . . . . . . . . . . . . . . Alert | -11 -10 -10 -9 -9 -9 -7 -6 -6 -6 -6 -6 -5 -5 -5 -5 -5 -5 -4 -4 -4 ------- Run | Yrd Mat Min Mat Sto Rec Fac Fac Ext Cet Arc Hub Fac Was Fac Upp Upp Zhi Pro Fac Upp Maximum Alert Level 2 | . . . 1 1 . 1 . 1 1 2 1 . . . . . . . 2 . Low Security (%) 85 | 100 100 100 96 71 100 97 100 85 44 61 66 100 100 100 . . . . 43 . Level 1 13 | . . . 3 28 . 2 . 14 56 6 33 . . . . . . . 43 . Level 2 1 | . . . . . . . . . . 32 . . . . . . . . 12 . Level 3 . | . . . . . . . . . . . . . . . . . . . . . Level 4 . | . . . . . . . . . . . . . . . . . . . . . Level 5 . | . . . . . . . . . . . . . . . . . . . . . High Security . | . . . . . . . . . . . . . . . . . . . . . Max Security . | . . . . . . . . . . . . . . . . . . . . . Peak Influence 577 | . 60 50 210 332 174 200 101 368 318 538 272 120 14 60 . . . . 577 . Initial 450 | . . . . 24 115 200 14 25 199 64 184 120 14 2 . . . . 450 . Average 104 | . 12 6 98 153 42 85 38 153 216 227 175 67 8 14 . . . . 237 . Influence Increases 7597 | . 211 50 351 787 394 502 444 1201 225 564 474 283 . 183 175 170 . 45 1418 120 Destroy 0b10 Robot/C 3160 | . 140 40 200 380 220 140 140 660 120 240 280 140 . . 140 120 . . 200 . Destroy 0b10 Robot/NC 225 | . 20 . 15 25 15 15 30 25 5 20 50 5 . . . . . . . . Destroy Leader 634 | . 38 10 64 148 . 56 56 74 10 . 68 30 . . 20 20 . . 40 . Allied During Kill 927 | . . . 14 176 115 45 17 226 79 255 . . . . . . . . . . Successful Hack 305 | . 13 . 11 25 29 14 51 77 . . 28 . . 16 . . . . 41 . Disable Machine 375 | . . . 30 30 15 30 120 45 . 45 . 30 . . . . . . 30 . Destroy Structure 181 | . . . 2 3 . 2 15 49 11 4 3 18 . 2 . . . . 72 . Advance Influence 650 | . . . . . . 200 . . . . . . . . . . . . 450 . Partial Spotted 60 | . . . . . . . . . . . . 30 . 15 . . . . 15 . Lose Combat Pursuer 1080 | . . . 15 . . . 15 45 . . 45 30 . 150 15 30 . 45 570 120 Influence Decreases 7303 | . 211 50 292 549 691 473 419 899 419 198 756 489 36 172 124 214 22 45 826 418 Entered New Map 1275 | . . . . 35 182 . 15 29 157 98 344 126 26 2 6 13 22 . . 220 Time Decay 4859 | . 211 50 272 464 449 386 404 610 262 50 362 238 10 153 58 191 . 45 446 198 Search Patrol Dispatched 200 | . . . . . . . . . . . . . . . . . . . 200 . Lost Part 492 | . . . . . . . . 40 . 10 50 125 . 17 60 10 . . 180 . Lost Ally 477 | . . . 20 50 60 87 . 220 . 40 . . . . . . . . . . Squads Dispatched 32 | . . 1 1 3 . 4 3 4 1 . 5 4 . 1 . . . . 5 . Investigation 4 | . . . 1 1 . . . . 1 . 1 . . . . . . . . . Extermination 13 | . . . . . . 2 3 . . . 2 2 . 1 . . . . 3 . Reinforcement 11 | . . . . . . 2 . 4 . . 2 1 . . . . . . 2 . Assault 3 | . . 1 . 2 . . . . . . . . . . . . . . . . Garrison 1 | . . . . . . . . . . . . 1 . . . . . . . . Intercept . | . . . . . . . . . . . . . . . . . . . . . Searches Triggered 2 | . . . . . . . . . . . . . . . . . . . 2 . Construction Impeded 3 | . . . . . . . . 2 . . . 1 . . . . . . . . Haulers Reinforced 2 | . . . . . . . . . . . 1 . . . . . . . 1 . Active Scanning Responses . | . . . . . . . . . . . . . . . . . . . . . Cargo Convoy Interrupts 1 | . . . . . . . . . . . . . . . . . . . 1 . Stealth | -11 -10 -10 -9 -9 -9 -7 -6 -6 -6 -6 -6 -5 -5 -5 -5 -5 -5 -4 -4 -4 --------- Run | Yrd Mat Min Mat Sto Rec Fac Fac Ext Cet Arc Hub Fac Was Fac Upp Upp Zhi Pro Fac Upp Distress Signals 14 | . 1 . 2 . 1 . . 4 1 . 3 . . . . . . . 2 . Communications Jammed . | . . . . . . . . . . . . . . . . . . . . . Distress Signals . | . . . . . . . . . . . . . . . . . . . . . Times Spotted 311 | . 13 6 11 21 12 13 12 41 6 21 23 19 5 17 12 8 . 5 59 7 Peak Tracking Total 26 | . 3 2 4 3 6 4 2 5 5 20 7 6 5 8 5 5 . 3 26 4 Tactical Retreats 23 | . . . 1 . . . 1 2 . . 2 1 . 4 1 1 . 1 7 2 Traps | -11 -10 -10 -9 -9 -9 -7 -6 -6 -6 -6 -6 -5 -5 -5 -5 -5 -5 -4 -4 -4 ------- Run | Yrd Mat Min Mat Sto Rec Fac Fac Ext Cet Arc Hub Fac Was Fac Upp Upp Zhi Pro Fac Upp Traps Triggered 13 | . 5 . . 1 . 1 . 3 . . . 2 . 1 . . . . . . Indirectly . | . . . . . . . . . . . . . . . . . . . . . Trap Hack Attempts . | . . . . . . . . . . . . . . . . . . . . . Triggered . | . . . . . . . . . . . . . . . . . . . . . Disarmed . | . . . . . . . . . . . . . . . . . . . . . Reprogrammed . | . . . . . . . . . . . . . . . . . . . . . Reused . | . . . . . . . . . . . . . . . . . . . . . Traps Extracted . | . . . . . . . . . . . . . . . . . . . . . Installed . | . . . . . . . . . . . . . . . . . . . . . Triggered . | . . . . . . . . . . . . . . . . . . . . . Machines | -11 -10 -10 -9 -9 -9 -7 -6 -6 -6 -6 -6 -5 -5 -5 -5 -5 -5 -4 -4 -4 ---------- Run | Yrd Mat Min Mat Sto Rec Fac Fac Ext Cet Arc Hub Fac Was Fac Upp Upp Zhi Pro Fac Upp Machines Disabled 26 | . . . 2 2 1 2 8 4 . 3 . 2 . . . . . . 2 . Max in Single Turn 3 | . . . 1 1 1 1 2 3 . 1 . 1 . . . . . . 1 . Energy Cycler 2 | . . . . . . . . 2 . . . . . . . . . . . . Machines Repaired . | . . . . . . . . . . . . . . . . . . . . . Machines Dismantled . | . . . . . . . . . . . . . . . . . . . . . Machines Sabotaged . | . . . . . . . . . . . . . . . . . . . . . Overloaded Fab Kills . | . . . . . . . . . . . . . . . . . . . . . Hacking | -11 -10 -10 -9 -9 -9 -7 -6 -6 -6 -6 -6 -5 -5 -5 -5 -5 -5 -4 -4 -4 --------- Run | Yrd Mat Min Mat Sto Rec Fac Fac Ext Cet Arc Hub Fac Was Fac Upp Upp Zhi Pro Fac Upp Machines Accessed 68 | . 7 . 7 11 7 2 7 6 1 . 5 . . 4 . . 6 . 5 . Terminals 45 | . 7 . 6 8 5 1 5 6 1 . 5 . . . . . . . 1 . Fabricators 2 | . . . . . . . . . . . . . . 1 . . . . 1 . Repair Stations 3 | . . . . 2 . . . . . . . . . . . . . . 1 . Recycling Units 6 | . . . . 1 1 1 1 . . . . . . 2 . . . . . . Scanalyzers 4 | . . . 1 . . . 1 . . . . . . 1 . . . . 1 . Garrison Access 1 | . . . . . . . . . . . . . . . . . . . 1 . Total Hacks 184 | . 20 . 23 23 21 4 18 17 3 . 11 . . 12 . . 19 . 13 . Successful 94 | . 8 . 8 12 10 2 13 7 . . 4 . . 8 . . 19 . 3 . Failed 89 | . 11 . 15 11 11 2 5 10 3 . 7 . . 4 . . . . 10 . Catastrophic 28 | . 5 . 2 4 5 . 1 2 1 . 5 . . . . . . . 3 . Database Lockouts 1 | . 1 . . . . . . . . . . . . . . . . . . . Manual 67 | . 19 . 13 9 14 1 1 . 1 . 9 . . . . . . . . . Terminals 114 | . 20 . 17 16 18 2 8 17 3 . 11 . . . . . . . 2 . Fabricators 3 | . . . . . . . . . . . . . . 2 . . . . 1 . Repair Stations 13 | . . . . 6 . . . . . . . . . . . . . . 7 . Recycling Units 11 | . . . . 1 1 2 3 . . . . . . 4 . . . . . . Scanalyzers 20 | . . . 6 . . . 7 . . . . . . 6 . . . . 1 . Garrison Access 2 | . . . . . . . . . . . . . . . . . . . 2 . Terminal Hacks 63 | . 8 . 3 5 9 2 5 7 . . 4 . . . . . 19 . 1 . Record 7 | . . . . . . . . . . . . . . . . . 7 . . . Part Schematic 10 | . . . . 1 . . 1 3 . . . . . . . . 4 . 1 . Robot Schematic 2 | . . . . . . . . 2 . . . . . . . . . . . . Robot Analysis 11 | . 2 . 2 2 . 1 . . . . . . . . . . 4 . . . Prototype ID Bank 18 | . 5 . 1 . 7 . 1 . . . . . . . . . 4 . . . Open Door 5 | . . . . 2 . . 1 2 . . . . . . . . . . . . Level Access Points 1 | . . . . . . . . . . . 1 . . . . . . . . . Branch Access Points 3 | . 1 . . . . . 1 . . . 1 . . . . . . . . . Registered Components 2 | . . . . . . 1 . . . . 1 . . . . . . . . . Registered Prototypes 1 | . . . . . . . . . . . 1 . . . . . . . . . Zone Layout 1 | . . . . . . . 1 . . . . . . . . . . . . . Release Object 2 | . . . . . 2 . . . . . . . . . . . . . . . Fabricator Hacks 2 | . . . . . . . . . . . . . . 2 . . . . . . Load Schematic 1 | . . . . . . . . . . . . . . 1 . . . . . . Build 1 | . . . . . . . . . . . . . . 1 . . . . . . Repair Station Hacks 8 | . . . . 6 . . . . . . . . . . . . . . 2 . Scan Component 4 | . . . . 3 . . . . . . . . . . . . . . 1 . Repair 4 | . . . . 3 . . . . . . . . . . . . . . 1 . Recycling Unit Hacks 7 | . . . . 1 1 . 2 . . . . . . 3 . . . . . . Retrieve Components 7 | . . . . 1 1 . 2 . . . . . . 3 . . . . . . Scanalyzer 14 | . . . 5 . . . 6 . . . . . . 3 . . . . . . Insert Component 4 | . . . 2 . . . 2 . . . . . . . . . . . . . Analyze 6 | . . . 2 . . . 4 . . . . . . . . . . . . . Retrieve Study 4 | . . . 1 . . . . . . . . . . 3 . . . . . . Garrison Access Hacks . | . . . . . . . . . . . . . . . . . . . . . Unauthorized Hacks . | . . . . . . . . . . . . . . . . . . . . . Terminals . | . . . . . . . . . . . . . . . . . . . . . Fabricators . | . . . . . . . . . . . . . . . . . . . . . Repair Stations . | . . . . . . . . . . . . . . . . . . . . . Recycling Units . | . . . . . . . . . . . . . . . . . . . . . Scanalyzers . | . . . . . . . . . . . . . . . . . . . . . Garrison Access . | . . . . . . . . . . . . . . . . . . . . . Data Cores Recovered . | . . . . . . . . . . . . . . . . . . . . . Used . | . . . . . . . . . . . . . . . . . . . . . Hacking Detections 51 | . 6 . 7 9 5 2 5 6 1 . 5 . . 1 . . . . 4 . Full Trace Events 8 | . . . 2 . 4 . . . 1 . 1 . . . . . . . . . Feedback Events . | . . . . . . . . . . . . . . . . . . . . . Feedback Blocked . | . . . . . . . . . . . . . . . . . . . . . Robot Schematics Acquired 2 | . . . . . . . . 2 . . . . . . . . . . . . Robots Built . | . . . . . . . . . . . . . . . . . . . . . Authchips . | . . . . . . . . . . . . . . . . . . . . . Time . | . . . . . . . . . . . . . . . . . . . . . Total Robot Build Rating . | . . . . . . . . . . . . . . . . . . . . . Part Schematics Acquired 14 | . . . 2 1 . . 3 3 . . . . . . . . 4 . 1 . Parts Built 2 | . . . . . . . . . . . . . . 2 . . . . . . Authchips 1 | . . . . . . . . . . . . . . 1 . . . . . . Time 31 | . . . . . . . . . . . . . . 31 . . . . . . Total Part Build Rating 10 | . . . . . . . . . . . . . . 10 . . . . . . Part Studies Acquired 4 | . . . 1 . . . . . . . . . . 3 . . . . . . Parts Repaired 4 | . . . . 3 . . . . . . . . . . . . . . 1 . Time 154 | . . . . 129 . . . . . . . . . . . . . . 25 . Parts Recycled . | . . . . . . . . . . . . . . . . . . . . . Recycled Matter . | . . . . . . . . . . . . . . . . . . . . . Retrieved Matter . | . . . . . . . . . . . . . . . . . . . . . Retrieved Components 17 | . . . . 5 9 . . . . . . . . 3 . . . . . . Parts Scanalyzed 4 | . . . 2 . . . 2 . . . . . . . . . . . . . Part Schematics Acquired 4 | . . . 2 . . . 2 . . . . . . . . . . . . . Parts Damaged 2 | . . . 1 . . . 1 . . . . . . . . . . . . . Bothacking | -11 -10 -10 -9 -9 -9 -7 -6 -6 -6 -6 -6 -5 -5 -5 -5 -5 -5 -4 -4 -4 ------------ Run | Yrd Mat Min Mat Sto Rec Fac Fac Ext Cet Arc Hub Fac Was Fac Upp Upp Zhi Pro Fac Upp Used RIF Installer . | . . . . . . . . . . . . . . . . . . . . . Robots Hacked . | . . . . . . . . . . . . . . . . . . . . . Non-combat . | . . . . . . . . . . . . . . . . . . . . . Combat . | . . . . . . . . . . . . . . . . . . . . . Robot Hacks Applied . | . . . . . . . . . . . . . . . . . . . . . Relay Couplers Released . | . . . . . . . . . . . . . . . . . . . . . Fabnet Peak Effective % . | . . . . . . . . . . . . . . . . . . . . . Robots Rewired 22 | . . . . . 7 . . 15 . . . . . . . . . . . . Allies Hacked 3 | . . . . . . 2 1 . . . . . . . . . . . . . Hacks Repelled . | . . . . . . . . . . . . . . . . . . . . . Allies | -11 -10 -10 -9 -9 -9 -7 -6 -6 -6 -6 -6 -5 -5 -5 -5 -5 -5 -4 -4 -4 -------- Run | Yrd Mat Min Mat Sto Rec Fac Fac Ext Cet Arc Hub Fac Was Fac Upp Upp Zhi Pro Fac Upp Total Allies 43 | . . 1 . 11 7 . . 19 5 . . . . . . . . . . . Largest Group 15 | . . 1 1 11 15 13 3 11 10 9 . . . . . . . . . . Highest-Rated Group 744 | . . 31 31 142 195 179 85 340 744 597 . . . . . . . . . . Highest-Rated Ally 159 | . . 31 31 31 31 31 31 159 159 96 . . . . . . . . . . Total Orders 9 | . . . . 9 . . . . . . . . . . . . . . . . EXPLORE 7 | . . . . 7 . . . . . . . . . . . . . . . . RETURN 2 | . . . . 2 . . . . . . . . . . . . . . . . Ally Attacks 396 | . . 2 29 41 39 75 22 108 29 51 . . . . . . . . . . Total Damage 6516 | . . 20 413 465 522 871 349 1925 389 1562 . . . . . . . . . . Kills 60 | . . . 6 9 6 10 1 12 3 13 . . . . . . . . . . Allies Corrupted 1 | . . . . . . . . 1 . . . . . . . . . . . . Allies Melted . | . . . . . . . . . . . . . . . . . . . . . Intel | -11 -10 -10 -9 -9 -9 -7 -6 -6 -6 -6 -6 -5 -5 -5 -5 -5 -5 -4 -4 -4 ------- Run | Yrd Mat Min Mat Sto Rec Fac Fac Ext Cet Arc Hub Fac Was Fac Upp Upp Zhi Pro Fac Upp Active Infowar (turns) 5635 | . . . . . . 786 1238 67 . . . 177 39 346 787 468 218 470 1038 1 Optics 1 | . . . . . . . 1 . . . . . . . . . . . . . Sensors 4184 | . . . . . . 786 1237 67 . . . 80 39 339 578 . . 133 925 . IFF 97 | . . . . . . . . . . . . 97 . . . . . . . . Traps 2182 | . . . . . . . . . . . . . . . . 468 218 470 1026 . Decoding 1825 | . . . . . . . . . . . . . . . . 99 218 470 1038 . Cloaking 603 | . . . . . . . . . . . . . . 7 596 . . . . . ECM 1 | . . . . . . . . . . . . . . . . . . . . 1 Robot Analysis Total 11 | . 2 . 2 2 . 1 . . . . . . . . . . 4 . . . Derelict Logs Recovered 1 | . . 1 . . . . . . . . . . . . . . . . . . Drone Launches 10 | . . . . 10 . . . . . . . . . . . . . . . . Drone Recoveries . | . . . . . . . . . . . . . . . . . . . . . Decoded 0b10 Intel 29 | . . . . . . . . . . . . . . . . . . . 29 . Traps 1 | . . . . . . . . . . . . . . . . . . . 1 . Emergency Access 1 | . . . . . . . . . . . . . . . . . . . 1 . Items 14 | . . . . . . . . . . . . . . . . . . . 14 . Machines 5 | . . . . . . . . . . . . . . . . . . . 5 . Patrols 5 | . . . . . . . . . . . . . . . . . . . 5 . Guards 2 | . . . . . . . . . . . . . . . . . . . 2 . Exits 1 | . . . . . . . . . . . . . . . . . . . 1 . Exploration | -11 -10 -10 -9 -9 -9 -7 -6 -6 -6 -6 -6 -5 -5 -5 -5 -5 -5 -4 -4 -4 ------------- Run | Yrd Mat Min Mat Sto Rec Fac Fac Ext Cet Arc Hub Fac Was Fac Upp Upp Zhi Pro Fac Upp Turns Passed 15769 | 73 988 358 803 1161 2060 914 1240 1992 575 106 828 503 39 584 817 514 218 470 1107 419 Spaces Moved 9798 | 42 542 183 400 386 948 609 537 1082 188 66 537 447 87 511 610 338 162 344 791 988 Core 176 | 5 . . . . . . . . . . . 4 . 2 69 . . . 96 . Treads 2205 | 37 542 183 209 . . . . 281 188 66 537 146 . . 15 1 . . . . Legs 2906 | . . . 191 386 948 609 316 456 . . . . . . . . . . . . Wheels 2060 | . . . . . . . 80 . . . . . . . 519 337 162 344 618 . Hover 907 | . . . . . . . 141 345 . . . . . 414 7 . . . . . Flight 1544 | . . . . . . . . . . . . 297 87 95 . . . . 77 988 Fastest Speed 29 | 50 160 160 145 190 120 116 151 49 104 104 104 29 39 39 50 115 115 115 35 35 Average Speed 120 | 146 160 160 171 190 179 128 189 120 104 104 104 56 39 59 109 129 124 115 108 35 Slowest Speed 404 | 160 240 160 225 190 190 320 404 174 104 104 104 104 39 120 250 330 130 115 170 35 Overloaded Moves . | . . . . . . . . . . . . . . . . . . . . . Propulsion Burnouts . | . . . . . . . . . . . . . . . . . . . . . Robots Hopped 1 | . . . . . . . . . . . . 1 . . . . . . . . Potential Cave-ins . | . . . . . . . . . . . . . . . . . . . . . Cave-ins Triggered . | . . . . . . . . . . . . . . . . . . . . . Teleports 1 | . . . . . . . . . . . . . . . . . . . 1 . Exploration Rate (%) 51 | 3 95 46 38 95 93 16 17 89 64 84 45 10 67 15 56 49 62 57 18 67 Regions Visited 20 Branch Regions 12 Pre-discovered Areas 3 | . . . . . . . . . . . . . . . . . 3 . . . Known Exits Taken 11 | . 1 . 1 . . 1 1 . . . 1 . . 1 1 1 1 1 1 . Unknown Exits Taken 7 | 1 . 1 . 1 1 . . 1 1 1 . . . . . . . . . . Scrap Searched 12 | . . 2 . . . . . . . . . . . . 4 3 . 1 . 2 Spaces Dug 12 | . . . . . . . . . . . . 5 . 1 . . . . 4 2 Terrain Destroyed 157 | . . . . . . . 14 50 3 . . 8 . 1 18 15 . . 46 2 Melee 6 | . . . . . . . . . . . . 4 . . . . . . . 2 Projectile 94 | . . . . . . . 14 27 3 . . 4 . 1 18 15 . . 12 . AOE 57 | . . . . . . . . 23 . . . . . . . . . . 34 . Terrain Rammed . | . . . . . . . . . . . . . . . . . . . . . Walls Destroyed . | . . . . . . . . . . . . . . . . . . . . . Machines Disabled . | . . . . . . . . . . . . . . . . . . . . . Actions | -11 -10 -10 -9 -9 -9 -7 -6 -6 -6 -6 -6 -5 -5 -5 -5 -5 -5 -4 -4 -4 --------- Run | Yrd Mat Min Mat Sto Rec Fac Fac Ext Cet Arc Hub Fac Was Fac Upp Upp Zhi Pro Fac Upp Total 13000 | 50 608 236 476 766 1283 694 708 1585 553 84 703 626 91 788 719 384 178 418 992 1058 Wait 2035 | . 23 48 13 309 202 22 110 227 353 5 90 65 . 242 49 16 . 65 142 54 Move 9777 | 41 541 182 399 385 947 608 536 1081 187 65 536 445 86 510 609 337 161 343 790 988 Hop 1 | . . . . . . . . . . . . 1 . . . . . . . . Pick Up 77 | 3 3 . 9 3 3 3 10 5 2 . 4 6 1 3 7 4 1 . 9 1 Fast Attach 119 | 6 9 . 8 5 1 4 3 5 . . 5 16 2 9 12 6 8 5 10 5 Attach 43 | . . . . 2 . 3 3 2 . 1 2 12 . 4 5 . . . 6 3 Detach 37 | . . . . 3 3 4 4 6 . 1 2 5 . 3 . . . 1 2 3 Swap 30 | . 4 . 3 4 1 . 1 3 . 2 1 2 . . 4 2 . . 3 . Drop 115 | . 4 . 17 5 7 4 13 6 . . 6 8 2 9 9 6 8 4 5 2 Fire 472 | . 24 6 27 38 24 38 28 97 11 9 56 49 . 3 24 13 . . 25 . Melee 24 | . . . . 1 . 1 . 6 . . . 14 . . . . . . . 2 Ram 5 | . . . . . . . . . . . . . . 5 . . . . . . Kick . | . . . . . . . . . . . . . . . . . . . . . Crush 4 | . . . . . . . . . . . 1 3 . . . . . . . . Escape Stasis 26 | . . . . . . . . 26 . . . . . . . . . . . . Rewire 231 | . . . . 7 95 7 . 121 . 1 . . . . . . . . . . Trap . | . . . . . . . . . . . . . . . . . . . . . Miscellaneous 4 | . . . . 4 . . . . . . . . . . . . . . . . Route ------- -11/Scrapyard -10/Materials (discovered 5 exits: *Mat x3 / *Min x2) -10/Mines -9/Materials (discovered 2 exits: [*Min] / *Sto) -9/Storage (discovered 2 exits: [*Mat] / *Rec) -9/Recycling -7/Factory (discovered 2 exits: *Fac x2) -6/Factory (discovered 4 exits: Low x2 / *Ext x2) -6/Extension (discovered 2 exits: *Fac / *Cet) -6/Cetus (discovered 2 exits: *Fac / [*Arc]) -6/Archives -6/Hub_04(d) (discovered 4 exits: *Fac x4) -5/Factory -5/Waste -5/Factory -5/Upper Caves -5/Upper Caves -5/Zhirov -4/Proximity Caves -4/Factory -4/Upper Caves History --------- Turn | Location | Event 44 | -11/Scrapyard | Discovered new exit (range 15) 74 | -11/Scrapyard | Entered Materials 277 | -10/Materials | Discovered new exit (range 6) 312 | -10/Materials | Build established: Mutant 367 | -10/Materials | Discovered new exit (range 7) 447 | -10/Materials | Central database locked down 484 | -10/Materials | Discovered new exit (range 16) 722 | -10/Materials | Discovered new exit (range 11) 782 | -10/Materials | Discovered new exit (range 16) 837 | -10/Materials | Build established: Scavenger-Mutant 925 | -10/Materials | Identified exit to Mines 1062 | -10/Materials | Entered Mines 1188 | -10/Mines | Learned 2 Materials zone layouts 1354 | -10/Mines | Discovered new exit (range 10) 1357 | -10/Mines | Met a Derelict testing a Signal Generator 1420 | -10/Mines | Entered Materials 1420 | -9/Materials | Accompanied by 1 ally 1420 | -9/Materials | Evolved 2 slots: Utility x2 1979 | -9/Materials | Build established: Mutant 2039 | -9/Materials | Discovered new exit (range 4) 2055 | -9/Materials | Identified exit to Storage 2137 | -9/Materials | Discovered new exit (range 16) 2223 | -9/Materials | Entered Storage 2369 | -9/Storage | Met a pair of Derelict thieves 2602 | -9/Storage | Repaired Broken Carbon-fiber Leg 2809 | -9/Storage | Repaired Carbon-fiber Leg 2848 | -9/Storage | Repaired Carbon-fiber Leg 2865 | -9/Storage | Discovered new exit (range 5) 2887 | -9/Storage | Assisted by bots powering up and referring to "LRC-V3" 3185 | -9/Storage | Build established: Commander-Mutant 3342 | -9/Storage | Used back door to open Recycling access 3342 | -9/Storage | Discovered new exit (range 5) 3384 | -9/Storage | Entered Recycling 3384 | -9/Recycling | Accompanied by 10 allies 4339 | -9/Recycling | Discovered new exit (range 6) 4810 | -9/Recycling | Scanned before Scraplab entrance 4837 | -9/Recycling | Entered Scraplab 4884 | -9/Recycling | Angered Scraplab inhabitants 4885 | -9/Recycling | Found Prototype Device 4885 | -9/Recycling | Identified Scrap Engine 5444 | -9/Recycling | Entered Factory 5444 | -7/Factory | Accompanied by 13 allies 5444 | -7/Factory | Evolved 4 slots: Propulsion x1, Utility x3 5749 | -7/Factory | Discovered new exit (range 6) 5754 | -7/Factory | Identified exit to Factory 5844 | -7/Factory | Lost 6 allies 5889 | -7/Factory | P-60 Hacker assimilated allied Trooper 2a 6292 | -7/Factory | Discovered exit to Factory (range 15) 6358 | -7/Factory | Entered another Factory area 6358 | -6/Factory | Accompanied by 3 allies 6358 | -6/Factory | Evolved 2 slots: Weapon x2 6952 | -6/Factory | Build established: Construct 7211 | -6/Factory | Identified exit to Lower Caves 7211 | -6/Factory | Identified exit to Extension 7598 | -6/Factory | Entered Extension 7598 | -6/Extension | Accompanied by 1 ally 7724 | -6/Extension | Build established: Hacker-Construct 8249 | -6/Extension | Build established: Commander-Construct 8376 | -6/Extension | Spotted B-75 Beast 8441 | -6/Extension | Lost 10 allies 8599 | -6/Extension | Rescued a captive Derelict 8600 | -6/Extension | Rescued a captive Derelict 8686 | -6/Extension | Build established: Hacker-Construct 8823 | -6/Extension | Disrupted transfer network 9031 | -6/Extension | Destroyed B-75 Beast 9034 | -6/Extension | Spotted B-75 Beast 9074 | -6/Extension | Allies destroyed B-75 Beast 9113 | -6/Extension | P-60 Hacker assimilated allied XZ-ICY(g) 9247 | -6/Extension | Rescued A7 9446 | -6/Extension | Energy Cycler disabled 9447 | -6/Extension | Rescued a captive Derelict 9509 | -6/Extension | Discovered new exit (range 10) 9510 | -6/Extension | Discovered new exit (range 6) 9590 | -6/Extension | Entered Cetus 9590 | -6/Cetus | Accompanied by 5 allies (A7) 9595 | -6/Cetus | Acquired a Cetus Manufacturing Module code from A7 9604 | -6/Cetus | Spotted Cetus Guard 9604 | -6/Cetus | Spotted Cetus Guard 9609 | -6/Cetus | Destroyed Cetus Guard 9609 | -6/Cetus | Spotted Cetus Guard 9615 | -6/Cetus | Allies destroyed Cetus Guard 9615 | -6/Cetus | Spotted Cetus Guard 9616 | -6/Cetus | Destroyed Cetus Guard 9621 | -6/Cetus | Allies destroyed Cetus Guard 9876 | -6/Cetus | Discovered new exit (range 16) 9941 | -6/Cetus | Started Cetus Manufacturing Module 9966 | -6/Cetus | Manufactured an Enhanced Grunt 9991 | -6/Cetus | Manufactured an Enhanced Grunt 10016 | -6/Cetus | Manufactured an Enhanced Grunt 10041 | -6/Cetus | Manufactured an Enhanced Grunt 10066 | -6/Cetus | Manufactured an Enhanced Grunt 10113 | -6/Cetus | Discovered new exit (range 15) 10165 | -6/Cetus | Entered Archives 10165 | -6/Archives | Accompanied by 10 allies (A7) 10178 | -6/Archives | Met Zhirov 10184 | -6/Archives | Reinforcements dispatched to Archives 10226 | -6/Archives | Core integrity fell below 50% 10229 | -6/Archives | Reinforcements dispatched to Archives 10231 | -6/Archives | Zhirov warped through subspace 10249 | -6/Archives | Zhirov detonated Archives 10249 | -6/Archives | Discovered new exit (range 14) 10271 | -6/Archives | Entered Hub_04(d) 10280 | -6/Hub_04(d) | Lost 9 allies 10966 | -6/Hub_04(d) | Build established: Hacker-Tank 11001 | -6/Hub_04(d) | Identified exit to Factory 11099 | -6/Hub_04(d) | Entered Factory 11099 | -5/Factory | Evolved 2 slots: Utility x2 11352 | -5/Factory | Core integrity fell below 50% 11382 | -5/Factory | Lost 10 parts (3n4u3w) 11590 | -5/Factory | Garrison activated, responded to threat 11602 | -5/Factory | Sucked down chute 11602 | -5/Factory | Entered Waste 11608 | -5/Waste | Spotted C-40 Crusher 11608 | -5/Waste | Spotted C-40 Crusher 11625 | -5/Waste | Spotted C-40 Crusher 11625 | -5/Waste | Spotted C-40 Crusher 11626 | -5/Waste | Spotted C-40 Crusher 11627 | -5/Waste | Spotted C-40 Crusher 11630 | -5/Waste | Discovered new exit (range 16) 11641 | -5/Waste | Identified exit to Factory 11641 | -5/Waste | Entered Factory 11790 | -5/Factory | Build established: Hacker-Mutant 12117 | -5/Factory | Fabricated Cloaking Device (x2) 12220 | -5/Factory | Discovered new exit (range 8) 12224 | -5/Factory | Identified exit to Upper Caves 12225 | -5/Factory | Entered Upper Caves 12226 | -5/Upper Caves | Encountered a Warlord checkpoint 12253 | -5/Upper Caves | Lost 5 parts (1n2u2w) 12267 | -5/Upper Caves | Found DCF Scrap (12 items) 12565 | -5/Upper Caves | Build established: Derelict-Gunner 12812 | -5/Upper Caves | Core integrity fell below 20% 12842 | -5/Upper Caves | Lost 3 parts (3u) 13021 | -5/Upper Caves | Discovered new exit (range 7) 13040 | -5/Upper Caves | Identified exit to Upper Caves 13042 | -5/Upper Caves | Entered another Upper Caves area 13083 | -5/Upper Caves | Lost 4 parts (3u1w) 13449 | -5/Upper Caves | Found DCF Scrap (12 items) 13533 | -5/Upper Caves | Discovered new exit (range 15) 13551 | -5/Upper Caves | Identified exit to Zhirov 13556 | -5/Upper Caves | Entered Zhirov 13556 | -5/Zhirov | Discovered new exit (range 3) 13615 | -5/Zhirov | Learned location of Quarantine (-2) 13615 | -5/Zhirov | Learned location of Testing (-3) 13615 | -5/Zhirov | Learned location of Command (-1) 13657 | -5/Zhirov | Found Alien Artifact 13657 | -5/Zhirov | Identified Integrated Reactor 13657 | -5/Zhirov | Installed Integrated Reactor, increased core energy generation (+10) 13730 | -5/Zhirov | Found Alien Artifact 13772 | -5/Zhirov | Identified exit to Proximity Caves 13774 | -5/Zhirov | Entered Proximity Caves 13776 | -4/Proximity Caves | Spotter reported a threat 13777 | -4/Proximity Caves | Spotter reported a threat 13878 | -4/Proximity Caves | Spotter reported a threat 13914 | -4/Proximity Caves | Attracted the attention of an 0b10 checkpoint 14207 | -4/Proximity Caves | Discovered new exit (range 11) 14215 | -4/Proximity Caves | Identified exit to Factory 14244 | -4/Proximity Caves | Entered Factory 14244 | -4/Factory | Evolved 2 slots: Power x1, Propulsion x1 14345 | -4/Factory | Identified exit to Upper Caves 14396 | -4/Factory | Build established: Derelict-Skirmisher 14436 | -4/Factory | Watched by a mysterious "MATRIX" hacker 14494 | -4/Factory | Search patrols dispatched 14744 | -4/Factory | Search patrols dispatched 14998 | -4/Factory | Repaired Force Field 15090 | -4/Factory | Spotted B-86 Titan 15183 | -4/Factory | Identified Transdimensional Reconstructor 15183 | -4/Factory | Warped through subspace 15211 | -4/Factory | Lost 7 parts (1n3u3w) 15271 | -4/Factory | Cargo convoy interrupted 15271 | -4/Factory | Core integrity fell below 50% 15312 | -4/Factory | Core integrity fell below 20% 15324 | -4/Factory | Lost 11 parts (2p2n4u3w) 15351 | -4/Factory | Entered Upper Caves 15485 | -4/Upper Caves | Encountered a Warlord checkpoint 15706 | -4/Upper Caves | Build established: Hacker-Mutant 15770 | -4/Upper Caves | Destroyed by Y-64 Sentinel with Wave Gun Last Messages --------------- 15521_ Acquired 5 matter. 15522_ Acquired 4 matter. 15528_ System corrupted: Heat flow error (+165). 15565_ System corrupted: Matter fused (-6). 15569_ Acquired 2 matter. 15656_ XVU8MWE1QOWCPY PXYMCD&D 15659_ Acquired 29 matter. 15660_ Acquired 4 matter. 15674_ Searching scrap... 15674_ Found Arm. Wheel. 15674_ Found 64 Matter. 15677_ Acquired 64 matter. 15690_ System corrupted: Component data lost. 15694_ Acquired Arm. Wheel. 15713_ LQOXY>VYGME4YR82 XKZFKDF< 15724_ Acquired Adv. Target Analyzer. 15727_ Acquired Unknown Energy Gun. 15727_ Identified Quantum Rifle. 15728_ Dropped Mak. Light Armor Plating. 15745_ System corrupted: Matter fused (-8). Map ----- +----------------------------------------------------+ | | | | | | | | | | | | | | | ?????????????????????????????????????????????????? | | ?????????????????????????????????????????????????? | | ?????????????????????????????????????????????????? | | ?????????????????????????????????????????????????? | | ?????????????????????????????????????????????????? | | ?????????????????????????????????????????????????? | | ?????????????????????????????????????????????????? | | ?????????????????????????????????????????????????? | | ?????????????????????????????????????????????????? | | ???????????????????????????????######????????????? | | ??????????????????????????????## #????????????? | | ??????????????????????????????# ##!/#????????????? | | ??????????????????????????????# ### #????????????? | | ??????????????????????????????## ####????????????? | | ???????????????????????????????## #??????????????? | | ??????????????????????######???## ####?????####??? | | ??????????????????????# #?### ##?#### #??? | | ??????????????######### #?# ### #??? | | ??????????????# @ ### ## #### | | ??????????????# ## ## ##### | | ??????????????# g ???## ##?## | | ??????????????# Y ??????## ###??# | | ??????????????# ??????## #????# | | ??????????????# ??????# #????### ## | | ??????????????# ####### #??????# ### | | ???????????????????# ## ##????## ##?? | | ???????????????????# !% # ##??## ##### | | ???????????????????# ## ##?# #?# | | ????????????????? ??## ### ##?# | | ?????????????? ????## ## ##??# | | ?????????????# ???????## ### ##???# | | ?????????????## ?????????# ### ##????# | | ??????????????##??????????# #?#### #####?# | | ??????????????????????????# #????# ### | | ??????????????????????????## ##????# ## | | ???????????????????????????####?????# ### ### | | ????????????????????????????????????# ##?## #?? | | ????????????????????##??????????????####???####### | | ????????????????????# ???????????????????????## | | ????????????????????? ?????????????????????## | | ??????????????????????? ????????????????????# | | ???????????????????????? ####???????????????# | | ?????????????????????????? #???????????????# | +----------------------------------------------------+ Best States ------------- Heat Dissipation 64 Energy Generation 63 Energy Capacity 757 Matter Stores 300 Matter Capacity 300 Sight Range 16 Robot Scan Range 16 Terrain Scan Density 10 ECM Strength 2 Cloak Strength 3 Base Temperature (-) 200 Armor Coverage 400 Core Shielding 40 Weapon Cycling 15 Phase Shifting 10 Evasion (%) 74 Targeting Accuracy 5 Target Analysis 8 Core Analysis 9 Recoil Reduction 3 Particle Charging 20 Force Boost 30 Offensive Hacking 22 Defensive Hacking 26 Authchip Count 2 Item Schematics ----------------- Enh. Autogun | -9/Materials | Scanalyzed Carbon-fiber Leg | -9/Materials | Scanalyzed Core Analyzer | -9/Storage | Hacked Coil Gun | -6/Factory | Hacked Imp. Particle Charger | -6/Factory | Scanalyzed Adv. ECM Suite | -6/Factory | Scanalyzed Cloaking Device | -6/Extension | Hacked Hyp. Mass Driver | -6/Extension | Hacked Graphene Brace | -6/Extension | Hacked Assault Drone Bay | -5/Zhirov | Free Exp. Heat Sink | -5/Zhirov | Free Exp. Optical Array | -5/Zhirov | Free Imp. Arc Thrower | -5/Zhirov | Free Enh. Nova Cannon | -4/Factory | Hacked Robot Schematics ------------------ X-57 Shotgunner | -6/Extension | Hacked B-48 Gladiator | -6/Extension | Hacked Fabricated ------------ Cloaking Device | x2 | -5/Factory | Authchip Repaired ---------- Carbon-fiber Leg | 99% | -9/Storage | Broken Carbon-fiber Leg | 68% | -9/Storage Carbon-fiber Leg | 74% | -9/Storage Force Field | 2% | -4/Factory Studied --------- Particle Gun | -9/Materials | Hacked Field Propulsion Drive | -5/Factory | Hacked Tesla Rifle | -5/Factory | Hacked Antigrav System | -5/Factory | Hacked Alien Tech Used ----------------- Integrated Reactor Transdimensional Reconstructor Achievements -------------- None Challenges ------------ None Game ------ Seed InertialGodTerrabomb Manual? 0 Play Time 02:02:49 Cumulative 147.3 hours Start 2026.09.20 @ 05:59:47 End 2026.09.21 @ 00:35:50 Sessions 3 Manual Loads 0 Difficulty Rogue Special Mode None Game No. 162 Rogue 162 Adventurer 0 Explorer 0 Win Type - Total 0 Types 0/0/0/0/0/0/0/0/0/0 Lore% 55 Gallery% 59 Achievement% 45 Wizard Run 0 Options --------- Layout 1 ASCII 0 Keyboard 0 Movement Mouse Keybinds 0 Fullscreen 2 Font 24/Smallcaps Map View 50x35 Zoom Use 0% Tactical HUD 1 Map Filters NONE Filters NONE Steam 1 RUN: 8be80631-f10e-4d39-829b-547c22d8395c